[Event "French-ch U16-U18 2024"]
[Site "Agen"]
[Date "2024.04.15"]
[Round "2.16"]
[White "Don Ignazi, Pierre Ange"]
[Black "Makkar, Rajat"]
[Result "0-1"]
[ECO "B28"]
[WhiteElo "1900"]
[BlackElo "2452"]
[Annotator "TA"]
[PlyCount "69"]
[EventDate "2024.04.14"]
[EventType "swiss"]
[EventCountry "FRA"]
[SourceTitle "playchess.com"]
[Source "ChessBase"]
[SourceQuality "1"]
[TimeControl "5400+30"]

1. e4 c5 2. Nf3 a6 3. g3 Nc6 4. Bg2 g6 5. O-O Bg7 6. c3 e5 7. Re1 Nge7 8. d3 {[%emt 0:01:17] The position is equal.} O-O 9. Nbd2 d6 10. Nf1 h6 11. Ne3 f5 12. Nd5 Nxd5 13. exd5 Ne7 14. Qb3 g5 15. h3 Kh8 16. Nh2 Ng6 17. Qd1 Qf6 18. Qe2 Bd7 19. a3 Rae8 20. Rb1 {[%emt 0:03:26] [#] White is now going downhill.} e4 $1 21. dxe4 fxe4 22. Qc2 {[%emt 0:13:41] [#]} (22. Ng4 $17 Qf7 23. Qc2) 22... Qf7 ({Black should try} 22... Ne5 $1 $19 {aiming for ...Bb5.} 23. Be3 (23. Rxe4 $2 Bf5 $19) 23... Nd3) 23. c4 {[%emt 0:00:27] [#] Prevents Bb5} (23. Be3 $17 {is a better defense.}) 23... Ne5 $1 $19 24. Be3 (24. Rxe4 Bf5 25. Be3 b5 26. cxb5 axb5 $19 (26... Qxd5 27. Rd1 $11)) (24. Bxe4 $142 Nd3 (24... Bxh3 25. Be3 $17) 25. Be3 (25. Re2 $2 Rxe4 26. Be3 Ne5 $19) 25... Nxe1 26. Rxe1) 24... Bf5 25. g4 Bg6 26. Qd1 $2 (26. Rbd1 {was the only defense.}) 26... Nxc4 27. Qe2 Ne5 ({Don't take} 27... Qxd5 28. Rbd1 Qe6 29. b4 $19) (27... b5 28. a4 $19) 28. Qd2 Nd3 29. Rf1 Nf4 ({Don't play} 29... b5 30. Rfd1) 30. Rfd1 Be5 ({Much less strong is} 30... b5 31. Qa5 $19) 31. b4 {[%emt 0:00:21] Black is clearly winning.} c4 32. Kh1 b5 33. Bd4 Nd3 34. Bxe5+ Rxe5 35. Qe3 {[%emt 0:00:58] Weighted Error Value: White=0.64/Black=0.23 (precise) .  Mistake:       	White=4     	Black=1      Inaccurate:     	White=6     	Black=3      OK:         	White=4     	Black=11     Strong:       	---       	Black=1} 0-1

[Event "French-ch U16-U18 2024"]
[Site "Agen"]
[Date "2024.04.15"]
[Round "2.17"]
[White "Razafindratsima, Timothe"]
[Black "Gervais, Fabien"]
[Result "1-0"]
[ECO "C60"]
[WhiteElo "2438"]
[BlackElo "1887"]
[Annotator "TA"]
[PlyCount "51"]
[EventDate "2024.04.14"]
[EventType "swiss"]
[EventCountry "FRA"]
[SourceTitle "playchess.com"]
[Source "ChessBase"]
[SourceQuality "1"]
[TimeControl "5400+30"]

1. e4 e5 2. Nf3 Nc6 3. Bb5 a6 4. Ba4 Nge7 5. O-O g6 6. c3 Bg7 7. d4 exd4 8. cxd4 O-O 9. d5 Ne5 (9... Na5 $14) 10. Nxe5 $16 Bxe5 {[%emt 0:00:07] White is better.} 11. f4 Bd6 (11... Bf6 $142) 12. Be3 {[%emt 0:04:57] White is more active.} b5 13. Bb3 Re8 (13... c5 $16 {is a better defense.}) 14. Bd4 (14. Bf2 $18 {and White stays clearly on top.}) 14... c5 15. Bf6 {[%emt 0:04:54] Kh1 would now be deadly.} Qb6 16. Bc2 $36 {[%emt 0:06:42][%mdl 2048] [#] Black must now prevent e5. White has some pressure.} Bb7 (16... c4+ $14 17. Bd4 Bc5 18. Bxc5 Qxc5+ 19. Kh1 d6) 17. Nc3 {[%emt 0:04:33] Strongly threatening e5.} c4+ 18. Kh1 {[%emt 0:00:09] Hoping for f5.} Bc5 $2 (18... Ba3 $16 {was worth a try.}) 19. e5 $18 Bd4 {[%emt 0:11:11] [#] ...Bxc3 is the strong threat.} 20. Be4 $2 (20. f5 $1 $18) 20... Nc8 $2 (20... Bxc3 $16 21. bxc3 Qe3) 21. Qf3 Bxc3 22. bxc3 {[%emt 0:00:20] aiming for Qh3.} Qc5 {[%emt 0:01:14] Black is weak on the dark squares} 23. Qh3 {[%emt 0:05:25][%cal Of4f5] And now f5! would win.} Qf8 24. f5 {[%emt 0:03:34][%cal Bf4f5,Bf5g6,Bg6g7][%mdl 32] Threatening mate with fxg6.} Nd6 25. fxg6 h6 26. g7 {[%emt 0:00:09] Weighted Error Value: White=0.41/Black=0.93.  Loses game:     	---       	Black=1      Missed win:     	White=1     	---        Mistake:       	White=1     	Black=5      Inaccurate:     	---       	Black=2      OK:         	White=4     	Black=3      Best:        	White=3     	Black=2} 1-0

[Event "French-ch U16-U18 2024"]
[Site "Agen"]
[Date "2024.04.15"]
[Round "2.18"]
[White "Lecocq, Alexandre"]
[Black "Belkaid, Sohan"]
[Result "0-1"]
[ECO "B52"]
[WhiteElo "1874"]
[BlackElo "2412"]
[Annotator "RC"]
[PlyCount "76"]
[EventDate "2024.04.14"]
[EventType "swiss"]
[EventCountry "FRA"]
[SourceTitle "playchess.com"]
[Source "ChessBase"]
[SourceQuality "1"]
[TimeControl "5400+30"]

1. e4 c5 2. Nf3 d6 3. Bb5+ Bd7 4. Bxd7+ Qxd7 5. c4 e5 6. Nc3 Nc6 7. O-O Be7 8. Ne1 Bd8 9. Nc2 Nge7 10. Ne3 O-O 11. Ned5 Ba5 12. a3 f5 13. exf5 Qxf5 14. d3 Bxc3 15. Nxc3 b6 16. Rb1 Qg6 17. Be3 Rf7 18. b4 Raf8 19. Qd2 Nf5 20. Nd5 Nh4 21. f4 e4 22. dxe4 Qxe4 23. Rbc1 Ne7 24. Nxe7+ Rxe7 25. Rfe1 Rfe8 26. Qf2 Qxg2+ 27. Qxg2 Nxg2 28. Kxg2 Rxe3 29. Rxe3 Rxe3 30. b5 Rxa3 31. Rd1 Rc3 32. Rxd6 Rxc4 33. Rd8+ Kf7 34. Rd7+ Kf6 35. Rxa7 Rb4 36. Kf3 Rxb5 37. Kg4 c4 38. Rc7 Rc5 0-1

[Event "French-ch U16-U18 2024"]
[Site "Agen"]
[Date "2024.04.15"]
[Round "2.19"]
[White "Bat, Bilguun"]
[Black "Lamothe, Hugo"]
[Result "1-0"]
[ECO "D05"]
[WhiteElo "2360"]
[BlackElo "1874"]
[Annotator "TA"]
[PlyCount "61"]
[EventDate "2024.04.14"]
[EventType "swiss"]
[EventCountry "FRA"]
[SourceTitle "playchess.com"]
[Source "ChessBase"]
[SourceQuality "1"]
[TimeControl "5400+30"]

1. d4 Nf6 2. Nf3 e6 3. e3 d5 4. Bd3 c5 5. c3 Bd6 6. Nbd2 Nbd7 7. O-O b6 8. e4 cxd4 9. cxd4 {[%emt 0:00:42] aiming for e5.} dxe4 {[%emt 0:00:00] White has an edge.} 10. Nxe4 Nxe4 11. Bxe4 Rb8 12. Bg5 $36 {[%emt 0:00:18][%mdl 2048] White has some pressure.} Nf6 13. Qc2 (13. Bc6+ $16 Bd7 14. Bxd7+ Qxd7 15. Bxf6 gxf6 16. d5) 13... Bd7 $11 14. Bd3 Rc8 15. Qe2 h6 16. Bh4 g5 17. Bg3 Bc6 (17... Bxg3 $14 18. fxg3 O-O) 18. Ne5 $16 {[%emt 0:02:15] And now Nxc6 would win.} Bd5 {[%emt 0:00:00] Black cannot hold the game after this.} (18... Bb7 $16 {was called for.} 19. Rad1 O-O) 19. f4 $18 g4 (19... Bxe5 {might work better.} 20. dxe5 (20. fxe5 Ng8 $18) 20... Nd7) 20. f5 (20. Nxg4 Nxg4 21. Qxg4 Qf6 $11) 20... h5 21. fxe6 Bxe6 {[%emt 0:00:04] [#]} 22. d5 $1 Bc5+ (22... Bxe5 23. Qxe5) 23. Kh1 Qxd5 24. Rxf6 h4 25. Bf4 {[%emt 0:01:25][%cal Od3c4] Bc4! would now be deadly.} h3 26. Be4 ({And not} 26. Nxg4 hxg2+ 27. Qxg2 Qxd3 (27... Qxg2+ 28. Kxg2 Bxg4 29. Re1+ Be6 30. Bf5 $14) 28. Rxe6+ fxe6 $11) 26... hxg2+ 27. Bxg2 {[%emt 0:00:17][%cal Oe5f7] Black must now prevent Nxf7!} Qd8 {[%emt 0:00:44] [#]} 28. Rxe6+ $1 fxe6 29. Ng6 Kf7 30. Nxh8+ Qxh8 31. Rf1 {[%emt 0:00:11] Weighted Error Value: White=0.09 (flawless) /Black=0.90.  Mistake:       	White=1     	Black=3      Inaccurate:     	---       	Black=2      OK:         	White=6     	Black=6      Best:        	White=2     	---} 1-0

[Event "French-ch U16-U18 2024"]
[Site "Agen"]
[Date "2024.04.15"]
[Round "2.20"]
[White "Pichon, Ewen"]
[Black "Casanave, Matthieu"]
[Result "1-0"]
[ECO "E73"]
[WhiteElo "2252"]
[BlackElo "1861"]
[Annotator "TA"]
[PlyCount "76"]
[EventDate "2024.04.14"]
[EventType "swiss"]
[EventCountry "FRA"]
[SourceTitle "playchess.com"]
[Source "ChessBase"]
[SourceQuality "1"]
[TimeControl "5400+30"]

1. d4 Nf6 2. c4 g6 3. Nc3 Bg7 4. e4 O-O 5. Be2 d6 6. Be3 c5 7. d5 e6 8. Nf3 exd5 9. cxd5 Nbd7 10. Nd2 {[%emt 0:06:33] White is slightly better.} Ne5 11. h3 {[%emt 0:01:26] Inhibits Nfg4.} Ne8 $1 12. O-O f5 13. f4 Nf7 14. Bd3 $36 {[%emt 0:07:08][%mdl 2048] White has good play.} a6 15. a4 Rb8 16. exf5 Bxf5 17. Bxf5 gxf5 18. a5 Kh8 19. Bf2 Bf6 (19... Nc7 $14) 20. Re1 Bh4 21. Qe2 Bxf2+ 22. Qxf2 Ng7 {[%emt 0:05:15] Wards off Re6} 23. Nc4 {[%emt 0:07:15] White is much more active. The black rooks are passive.} Qf6 {[%emt 0:00:42] Repels Re6} 24. Nb6 Rbd8 {[%emt 0:01:50] Prevents Nd7} 25. Rad1 Rfe8 26. Nc4 Rxe1+ 27. Rxe1 Re8 28. Rxe8+ Nxe8 29. Qe3 Nc7 30. Nb6 Qd4 {[%emt 0:02:24] Loses the game.} (30... h5 $14) 31. Qxd4+ $18 cxd4 {[%emt 0:00:01][%mdl 4096] Endgame. KNN-KNN} 32. Ne2 d3 {[%emt 0:01:09][%cal Oc7b5] [#] ...Nb5! is the strong threat.} 33. Nc3 d2 (33... Ne8 $142 34. Kf2 Nf6) 34. Kf2 Nb5 {[%emt 0:00:21] ...Nxc3 would now be deadly.} 35. Ke2 {[%emt 0:00:37] Black must now prevent Nxb5.} Nd4+ (35... Nc7 36. Kxd2 Kg8) 36. Kxd2 {[%emt 0:00:02] White is clearly winning.} Nb3+ 37. Kc2 Nc5 (37... Nd4+ $142 38. Kd3 Nb3) 38. b4 Kg7 {[%emt 0:01:23] Weighted Error Value: White=0.09 (flawless) /Black=0.39.  Mistake:       	---       	Black=5      Inaccurate:     	White=2     	Black=3      OK:         	White=9     	Black=6      Best:        	White=3     	Black=1      Strong:       	---       	Black=1} 1-0

[Event "French-ch U16-U18 2024"]
[Site "Agen"]
[Date "2024.04.15"]
[Round "3.1"]
[White "Famel, Diane"]
[Black "Bellahcene, Jenna"]
[Result "1-0"]
[ECO "D36"]
[WhiteElo "1888"]
[BlackElo "1766"]
[Annotator "NA RC"]
[PlyCount "105"]
[EventDate "2024.04.14"]
[EventType "swiss"]
[EventCountry "FRA"]
[SourceTitle "playchess.com"]
[Source "ChessBase"]
[SourceQuality "1"]
[TimeControl "5400+30"]

1. d4 d5 2. c4 e6 3. Nc3 Nf6 4. cxd5 exd5 5. Bg5 Be7 6. e3 c6 7. Bd3 Nbd7 8. Nge2 O-O 9. Qc2 h6 10. Bh4 Re8 11. O-O Ne4 12. Bxe7 Qxe7 13. Bxe4 dxe4 14. d5 Nf6 15. dxc6 bxc6 16. Rfd1 Qe5 17. h3 g5 18. Ng3 Ba6 19. Na4 Bd3 20. Qc5 Rab8 21. Qxe5 Rxe5 22. Rac1 Rb4 23. Rxc6 Kg7 24. b3 h5 25. Rc5 Rb5 26. Rdc1 h4 27. Rxe5 Rxe5 28. Nf1 g4 29. hxg4 Nxg4 30. Rc5 Rxc5 31. Nxc5 Bc2 32. b4 Ne5 33. Nd2 f5 34. Ne6+ Kf6 35. Nd4 Bd3 36. a4 Nd7 37. N2b3 Bc4 38. Na5 Nb6 39. Nxc4 Nxc4 40. Nc6 Nb6 41. a5 Nc8 42. b5 Ke6 43. a6 Kd6 44. Nxa7 Nb6 45. Kh2 Na8 46. Nc6 Kc5 47. Nd4 f4 48. Ne6+ Kxb5 49. Nxf4 Kxa6 50. Kh3 Kb6 51. Kxh4 Kc6 52. Kg5 Nc7 53. Kf5 1-0

[Event "French-ch U16-U18 2024"]
[Site "Agen"]
[Date "2024.04.15"]
[Round "3.2"]
[White "Lavilledieu, Lily-Mei"]
[Black "Darrort, Nahia"]
[Result "1-0"]
[ECO "E43"]
[WhiteElo "1783"]
[BlackElo "1752"]
[Annotator "NA RC"]
[PlyCount "81"]
[EventDate "2024.04.14"]
[EventType "swiss"]
[EventCountry "FRA"]
[SourceTitle "playchess.com"]
[Source "ChessBase"]
[SourceQuality "1"]
[TimeControl "5400+30"]

1. d4 Nf6 2. c4 e6 3. Nc3 Bb4 4. Qc2 b6 5. e3 Bb7 6. Nf3 O-O 7. Bd3 d6 8. Bd2 Nbd7 9. a3 Bxc3 10. Bxc3 c5 11. O-O Re8 12. Rfd1 Qc7 13. Be2 Ne4 14. b4 Nxc3 15. Qxc3 Nf6 16. Rac1 e5 17. d5 Bc8 18. Nd2 Bf5 19. f3 e4 20. f4 h5 21. Nf1 Bg4 22. Qe1 Qd7 23. Bxg4 Qxg4 24. h3 Qf5 25. Qh4 Rac8 26. Ng3 Qg6 27. b5 Ra8 28. a4 a6 29. Ra1 a5 30. Rf1 Ra7 31. Kf2 Rc7 32. Rh1 Kf8 33. Rae1 Ra7 34. Reg1 Raa8 35. Ke2 Rab8 36. Kd2 Ra8 37. Ne2 Ke7 38. g4 Rh8 39. f5 Qh7 40. g5 Nxd5 41. g6+ 1-0

[Event "French-ch U16-U18 2024"]
[Site "Agen"]
[Date "2024.04.15"]
[Round "3.3"]
[White "Alsaied, Zeina"]
[Black "Pereira-Davoine, Alana"]
[Result "1/2-1/2"]
[ECO "D52"]
[WhiteElo "1735"]
[BlackElo "1780"]
[Annotator "NA RC"]
[PlyCount "90"]
[EventDate "2024.04.14"]
[EventType "swiss"]
[EventCountry "FRA"]
[SourceTitle "playchess.com"]
[Source "ChessBase"]
[SourceQuality "1"]
[TimeControl "5400+30"]

1. d4 d5 2. c4 e6 3. Nf3 Nf6 4. Nc3 c6 5. Bg5 Nbd7 6. e3 Qa5 7. a3 Ne4 8. Qc2 e5 9. cxd5 cxd5 10. Be2 Nxg5 11. Nxg5 Be7 12. Nf3 e4 13. Nd2 O-O 14. O-O Nf6 15. f3 Qc7 16. fxe4 dxe4 17. Ndxe4 Nd5 18. Qd3 Be6 19. Rac1 Qd8 20. Nc5 Bg5 21. Nxd5 Bxd5 22. Bf3 Re8 23. Rce1 b6 24. Ne4 Bh6 25. Ng3 Rc8 26. Bxd5 Qxd5 27. Rf5 Qd7 28. Rh5 Qg4 29. Qf5 Qxf5 30. Nxf5 Bf4 31. Rh4 Bb8 32. Rg4 g6 33. Ng3 Rc2 34. Nh5 f5 35. Rg5 Kf7 36. Ng3 Kf6 37. h4 h6 38. e4 hxg5 39. e5+ Ke6 40. h5 gxh5 41. Nxh5 Kf7 42. Ng3 Kg6 43. Ne2 Rxb2 44. Nc3 Rd2 45. Nb5 a6 1/2-1/2

[Event "French-ch U16-U18 2024"]
[Site "Agen"]
[Date "2024.04.15"]
[Round "3.4"]
[White "Sumarriva Paulin, Jade"]
[Black "Chevillon, Manon"]
[Result "1/2-1/2"]
[ECO "C55"]
[WhiteElo "1780"]
[BlackElo "1737"]
[Annotator "NA RC"]
[PlyCount "87"]
[EventDate "2024.04.14"]
[EventType "swiss"]
[EventCountry "FRA"]
[SourceTitle "playchess.com"]
[Source "ChessBase"]
[SourceQuality "1"]
[TimeControl "5400+30"]

1. e4 e5 2. Nf3 Nc6 3. Bc4 Nf6 4. d3 Be7 5. c3 O-O 6. O-O d5 7. exd5 Nxd5 8. Re1 Bf6 9. Nbd2 a6 10. Ne4 Be7 11. d4 Nb6 12. Bb3 exd4 13. Nxd4 Nxd4 14. cxd4 Nd5 15. Qh5 Nf6 16. Qe5 Ng4 17. Qd5 Qxd5 18. Bxd5 Nf6 19. Bb3 Nxe4 20. Rxe4 Bf6 21. Bf4 Bf5 22. Re2 Bxd4 23. Bxc7 Rfe8 24. Rae1 Rxe2 25. Rxe2 h6 26. Bd5 Be6 27. Bxe6 fxe6 28. Rxe6 Rc8 29. Bf4 Bxb2 30. Rb6 Be5 31. Be3 Bd4 32. Rxb7 Bxe3 33. fxe3 Rc1+ 34. Kf2 Rc2+ 35. Kf3 Rxa2 36. h4 a5 37. e4 a4 38. Ra7 a3 39. e5 Kf8 40. e6 Ra1 41. Kf2 Ra2+ 42. Kf3 Ra1 43. Kf2 Ra2+ 44. Kf3 1/2-1/2

[Event "French-ch U16-U18 2024"]
[Site "Agen"]
[Date "2024.04.15"]
[Round "3.5"]
[White "Benhadid, Jazzmine"]
[Black "Paralieu, Emma"]
[Result "0-1"]
[ECO "C47"]
[WhiteElo "1721"]
[BlackElo "1775"]
[Annotator "NA RC"]
[PlyCount "58"]
[EventDate "2024.04.14"]
[EventType "swiss"]
[EventCountry "FRA"]
[SourceTitle "playchess.com"]
[Source "ChessBase"]
[SourceQuality "1"]
[TimeControl "5400+30"]

1. e4 e5 2. Nf3 Nc6 3. Nc3 Nf6 4. d4 exd4 5. Nxd4 Bb4 6. Nxc6 bxc6 7. Bd3 d5 8. exd5 cxd5 9. O-O O-O 10. Bg5 c6 11. Qf3 Bd6 12. Ne2 Bd7 13. Rfe1 Rb8 14. b3 Be5 15. Rad1 h6 16. Bf4 Bxf4 17. Qxf4 Re8 18. Nd4 Qa5 19. Rxe8+ Rxe8 20. a4 Re1+ 21. Rxe1 Qxe1+ 22. Bf1 Ne4 23. Qe3 Qd1 24. Qe2 Qxd4 25. h3 Bf5 26. g4 Bg6 27. Bg2 Nc3 28. Qe8+ Kh7 29. Bf1 Ne4 0-1

[Event "French-ch U16-U18 2024"]
[Site "Agen"]
[Date "2024.04.15"]
[Round "3.6"]
[White "Kuhn, Clement"]
[Black "Bedhouche, Rayan"]
[Result "1-0"]
[ECO "C81"]
[WhiteElo "2349"]
[BlackElo "1988"]
[Annotator "TA"]
[PlyCount "65"]
[EventDate "2024.04.14"]
[EventType "swiss"]
[EventCountry "FRA"]
[SourceTitle "playchess.com"]
[Source "ChessBase"]
[SourceQuality "1"]
[TimeControl "5400+30"]

1. e4 e5 2. Nf3 Nc6 3. Bb5 a6 4. Ba4 Nf6 5. O-O Nxe4 6. d4 b5 7. Bb3 d5 8. dxe5 Be6 9. Qe2 Nc5 10. Rd1 Nxb3 11. axb3 Bc5 12. Bg5 Qc8 13. Nc3 h6 {[%emt 0:05:07] White is better.} 14. Be3 Bxe3 15. Qxe3 Ne7 {[%emt 0:00:10] [#]} 16. Qc5 $1 c6 17. Nd4 $36 {[%emt 0:07:50][%mdl 2048] White has strong initiative.} Qb7 18. Ra5 {[%emt 0:09:43] White is much more active.} O-O 19. Rda1 Ng6 (19... Rfe8 $16 {was necessary.}) 20. Qxc6 $18 (20. Nxc6 $2 {perishes.} Rfc8 21. f4 Rxc6 $19 (21... Qxc6 $2 22. Qxc6 Rxc6 23. Nxb5 $19)) 20... Qxc6 21. Nxc6 {[%emt 0:00:05] Excellent horsemanship.} Rfc8 22. Rxa6 Rxa6 23. Rxa6 Bd7 24. Nd4 Re8 25. Nxd5 {[%emt 0:02:13] f4 would now be deadly.} Nxe5 26. h3 Ng6 27. Rd6 Re1+ 28. Kh2 Be6 29. Ne3 Rb1 30. Nxe6 ({Don't do} 30. Nxb5 Rxb2 31. Nd4 Kh8 32. Nxe6 fxe6 33. Rxe6 Nf4 $18) 30... fxe6 31. Rxe6 Kf7 32. Rb6 Rxb2 33. Rxb5 {[%emt 0:00:02] Black did not feel at home in the position after the opening.   Weighted Error Value: White=0.05 (flawless) /Black=0.30.  Mistake:       	---       	Black=1      Inaccurate:     	---       	Black=1      OK:         	White=13    	Black=6      Best:        	White=2     	Black=1} 1-0

[Event "French-ch U16-U18 2024"]
[Site "Agen"]
[Date "2024.04.15"]
[Round "3.7"]
[White "Munier, Alexis"]
[Black "Breuil, Tristan"]
[Result "1/2-1/2"]
[ECO "B51"]
[WhiteElo "2003"]
[BlackElo "2281"]
[Annotator "TA"]
[PlyCount "372"]
[EventDate "2024.04.14"]
[EventType "swiss"]
[EventCountry "FRA"]
[SourceTitle "playchess.com"]
[Source "ChessBase"]
[SourceQuality "1"]
[TimeControl "5400+30"]

1. e4 c5 2. Nf3 d6 3. Bb5+ Nd7 4. a4 Ngf6 5. Nc3 g6 6. a5 a6 7. Be2 Bg7 8. d3 {[%emt 0:00:15] White has an edge.} O-O 9. Nd2 b5 10. axb6 Nxb6 11. Nb3 Qc7 12. Na5 Bd7 13. Bd2 Rab8 14. Qc1 d5 15. exd5 Nfxd5 16. Nxd5 Nxd5 17. c3 (17. Nc4 $11 {was preferrable.}) 17... e5 18. O-O Nf4 19. Bxf4 exf4 20. Nc4 Bc6 21. Rxa6 {[%emt 0:02:15] [#]} (21. Re1 $11) 21... Bxg2 $1 $17 22. Kxg2 Qb7+ 23. Bf3 Qxa6 24. Qxf4 Rbd8 25. Rd1 Rfe8 26. Ne3 Qb6 (26... Rxd3 27. Bd5 Rf8 28. Bc4 Qb7+ 29. Bd5 Rxd5 (29... Qxb2 $2 30. Rxd3 Bxc3 31. Nc4 $18) 30. Rxd5 $15) 27. Bd5 Qf6 (27... Qxb2 $6 28. Nc4 (28. Qxf7+ $2 Kh8 $19) 28... Qe2 (28... Qxc3 $2 29. Qxf7+ Kh8 30. Nd6 $18) 29. Bxf7+ Kh8 30. Rd2 $11) 28. Qxf6 Bxf6 29. Bc4 Rd6 30. Ra1 Bg5 31. Ra7 {[%emt 0:04:16] [#]} Re7 32. Rxe7 Bxe7 {[%emt 0:00:01][%mdl 4096] Endgame. KRB-KBN} 33. Nd5 Bf6 34. b4 cxb4 35. Nxf6+ $2 (35. cxb4 $17 Bd4 36. h4) 35... Rxf6 $19 36. cxb4 $17 {[%emt 0:00:08] KR-KB} Kf8 (36... g5 $142 {Hoping for ...Kg7.} 37. b5 Kf8) 37. b5 (37. h4 $142) 37... Ke7 {[%emt 0:00:56] aiming for ...g5.} 38. Kg3 $2 (38. h4 {only move.}) 38... g5 $19 39. Bd5 Kd6 40. Be4 Ke5 (40... h6 $142 {And now ...Rf4 would win.} 41. b6 Rf4) 41. Bxh7 {[%emt 0:01:43] [#]} Rb6 (41... Rd6 $1 $19 {is more deadly. ...f5 is the strong threat.} 42. Kg4 f6) 42. Kg4 $17 f6 ({But not} 42... Rxb5 43. Kxg5 f6+ 44. Kg4) (42... Kf6 $17 43. h4 Rxb5 44. hxg5+ Rxg5+ 45. Kf4 Rh5) 43. h4 $1 $11 gxh4 ({Don't do} 43... Rxb5 44. hxg5 Rb4+ 45. Kh5 fxg5 46. Kxg5 $15) 44. f4+ $1 Kd4 45. Kxh4 Rxb5 {[%emt 0:00:03] Threatens to win with ...Rb7.} 46. Kg4 Ra5 47. Bg6 Rb5 48. Bh7 Rd5 49. Be4 Rd6 50. Bg6 Ke3 51. Be4 Rb6 52. Bg6 Rb4 53. Be4 Rd4 54. Kf5 Rd6 55. Kg4 Kd4 56. Bg6 Kd5 57. Be4+ Ke6 58. Bf5+ Ke7 59. Be4 Ra6 60. Bd5 Ra1 61. Bc4 Ra3 62. Kf5 Ra5+ 63. Kg4 Ra1 64. Kf5 Ra3 65. Kg4 (65. Kg6 $1 $11) 65... Ra5 (65... Kf8 $1 $15) 66. Bb3 Ra1 67. Bc4 Rh1 68. Kf5 Rh5+ 69. Kg4 Rh6 70. Kf5 Kd6 71. Bf7 Ke7 72. Bc4 Rh5+ 73. Kg4 Rc5 74. Bb3 Kf8 75. d4 Rb5 76. Be6 Ke7 77. d5 Rb1 78. Kf5 Rd1 79. Bg8 $1 Rd2 80. Be6 Rd4 81. Bg8 $1 Kf8 82. Be6 Kg7 83. Kg4 $1 Kg6 84. Bf5+ $1 Kf7 85. Be6+ Ke7 86. Kf5 Rd2 87. Bg8 Rf2 88. Be6 Kd6 89. Bf7 Rf3 90. Be6 Ke7 91. Bg8 Rf1 92. Be6 Rh1 93. Kg6 Rh4 94. Kf5 Rh6 95. Bg8 ({Don't go for} 95. d6+ $2 Kxd6 96. Bb3 Ke7 $19) 95... Rh8 96. Be6 $1 Rd8 97. Kg6 Rf8 98. Kf5 Kd6 99. Kg6 Ke7 100. Kf5 Rh8 101. Kg6 Rh2 102. Kf5 Rg2 103. d6+ Kxd6 104. Kxf6 Rh2 105. f5 Rh6+ 106. Kg7 Rh4 107. Kf6 Rf4 108. Bf7 Rf3 109. Be6 Rf2 110. Bf7 Kd7 111. Bg6 Kd6 112. Bf7 Rb2 113. Be6 Rb6 114. Bf7 Kc5+ 115. Be6 Kd4 116. Kg7 Ke5 117. Kh8 Kf6 118. Bg8 Rb8 119. Kh7 Rb4 120. Kh8 Rh4+ 121. Bh7 Rh2 122. Kg8 Rb2 123. Kh8 Kf7 124. Bg8+ Kf6 125. Bh7 $1 Rb3 126. Bg8 Rb8 127. Kh7 Rb5 128. Kh8 Rb7 129. Bh7 Rg7 130. Bg8 Rg3 131. Bh7 Rg1 132. Bg8 Rh1+ 133. Bh7 Kf7 134. f6 Kf8 135. f7 Ra1 136. Bg8 Rc1 (136... Rf1 {feels hotter.} 137. Kh7 Rh1+ 138. Kg6 Rh4) 137. Bh7 (137. Kh7 {is interesting.} Rc6 138. Kh8 Rc8 139. Kh7) 137... Kxf7 (137... Rc6 {with more complications.} 138. Bf5 Rf6 139. Be4 Re6) 138. Bg8+ Kf6 139. Bh7 Rh1 140. Kg8 Rh2 141. Kh8 Rb2 142. Bg8 Kg6 143. Bh7+ Kh6 144. Bg8 Rb7 145. Bd5 Rd7 146. Bc4 Kg6 147. Bg8 Rc7 148. Bd5 Rh7+ 149. Kg8 Re7 150. Kh8 Re5 151. Bc4 Re3 152. Bd5 Re1 153. Bb3 Rc1 154. Bd5 Rc7 155. Be4+ Kf7 156. Bd3 Rc8+ 157. Kh7 Rc3 158. Bg6+ Kf6 {[%emt 0:00:01] ( -> ...Rh3+)} 159. Be4 Rc8 160. Bd3 Rc3 161. Be4 Rc7+ 162. Kh8 Rg7 163. Bd3 Kf7 164. Bc4+ Kf8 165. Bd3 Rg3 166. Bc2 Kf7 167. Be4 Rg5 168. Bd3 Rg4 169. Bc2 Rg8+ 170. Kh7 Rg3 171. Kh8 Rc3 172. Be4 Rc8+ 173. Kh7 Rc5 174. Kh8 Rg5 175. Bc2 Rg3 176. Be4 Rg8+ 177. Kh7 Rg4 {[%emt 0:00:00][%cal Rg4h4] The position is equal.} 178. Bd5+ Kf6 179. Kh8 Kg6 180. Bb3 Kh6 181. Bd5 Rd4 182. Bb3 Rd8+ 183. Bg8 Rd7 184. Bb3 Rc7 185. Bd5 Rh7+ 186. Kg8 Rd7 {[%emt 0:00:00] White happily takes the draw.   Weighted Error Value: White=0.19 (very precise) /Black=0.19 (very precise) .  Loses game:     	White=1     	---        Mistake:       	White=5     	Black=5      Inaccurate:     	White=2     	Black=3      OK:         	White=62    	Black=45     Best:        	White=12    	Black=2      Strong:       	White=8     	---} 1/2-1/2

[Event "French-ch U16-U18 2024"]
[Site "Agen"]
[Date "2024.04.15"]
[Round "3.8"]
[White "Vallee, Louis"]
[Black "Despierres, Arthur"]
[Result "1-0"]
[ECO "E71"]
[WhiteElo "2270"]
[BlackElo "1988"]
[Annotator "RC"]
[PlyCount "151"]
[EventDate "2024.04.14"]
[EventType "swiss"]
[EventCountry "FRA"]
[SourceTitle "playchess.com"]
[Source "ChessBase"]
[SourceQuality "1"]
[TimeControl "5400+30"]

1. d4 Nf6 2. c4 g6 3. Nc3 Bg7 4. e4 d6 5. h3 O-O 6. Be3 e5 7. d5 a5 8. g4 Na6 9. Nge2 Ne8 10. Ng3 Bd7 11. Qd2 Nc5 12. O-O-O Qc8 13. g5 f5 14. Bxc5 dxc5 15. h4 f4 16. Nge2 Bg4 17. Qd3 f3 18. Ng3 Nd6 19. Qe3 b6 20. Bd3 Rf4 21. Nf1 h6 22. Rg1 hxg5 23. hxg5 Bh5 24. Rg3 Qd7 25. Nd2 Raf8 26. Rh1 Bg4 27. Rhg1 R8f7 28. Bf1 Bf8 29. Kc2 Kg7 30. Rxg4 Rxg4 31. Bh3 Rxe4 32. Ndxe4 Qxh3 33. Nxd6 Bxd6 34. Rg3 Qf5+ 35. Ne4 Be7 36. Kc3 Qf4 37. Kd3 a4 38. Nd2 Qd4+ 39. Qxd4 exd4 40. Nxf3 Bd6 41. Rh3 Rf5 42. Ke4 Rf4+ 43. Kd3 Rf5 44. Ke4 Bf4 45. Nh4 Rf7 46. Ng2 Bxg5 47. f4 Be7 48. Ra3 Bd6 49. Rxa4 Re7+ 50. Kd3 Kf6 51. Ra8 Kf5 52. Rf8+ Kg4 53. Rf6 g5 54. fxg5 Kxg5 55. Rf1 Bg3 56. a3 Kg4 57. b4 Kh3 58. Nf4+ Bxf4 59. Rxf4 Re3+ 60. Kd2 Rxa3 61. b5 Ra2+ 62. Kd3 Ra3+ 63. Kd2 Ra2+ 64. Kd1 Ra1+ 65. Kc2 Ra2+ 66. Kb3 Ra8 67. Rf7 Rc8 68. Rg7 Kh4 69. d6 cxd6 70. Rb7 d5 71. Rxb6 dxc4+ 72. Kxc4 Rd8 73. Kd3 c4+ 74. Kd2 d3 75. Rc6 Rb8 76. Rxc4+ 1-0